 Dungeon Crawl Stone Soup version 0.22.1-1-ga44c0e5 (webtiles) character file.

102 mikohab the Ducker (level 4, -11/44 HPs)
             Began as a Troll Fighter on Sept 28, 2018.
             Killed by nerve-wracking pain
             ... invoked by an orc priest
              (14 damage)
             ... on level 3 of the Dungeon.
             The game lasted 00:07:32 (1106 turns).

mikohab the Ducker (Troll Fighter)                  Turns: 1106, Time: 00:07:33

Health: -11/44     AC:  5    Str: 30    XL:     4   Next: 49%
Magic:  3/3        EV:  8    Int:  4    God:
Gold:   58         SH:  9    Dex:  9    Spells: 3/3 levels left

rFire    . . .     SeeInvis .     - Unarmed
rCold    + . .     Gourm    +   b - +0 shield
rNeg     . . .     Faith    .   a - +0 robe
rPois    .         Spirit   .   (helmet restricted)
rElec    .         Reflect  .   (no cloak)
rCorr    .         Harm     .   (gloves unavailable)
MR       .....                  (boots unavailable)
Stlth    +.........             (no amulet)
HPRegen  0.54/turn              f - ring of protection from cold
MPRegen  0.08/turn              (no ring)

@: mighty
A: large, unfitting armour, claws 3, fast metabolism 3, gourmand, regeneration
1, shaggy fur 1, tough skin 2
a: no special abilities


You were on level 3 of the Dungeon.
You were hungry.

You visited 1 branch of the dungeon, and saw 3 of its levels.

You collected 58 gold pieces.

Inventory:

Armour
 a - a +0 robe (worn)
 b - a +0 shield (worn)
Jewellery
 f - a ring of protection from cold (left claw)
Scrolls
 g - a scroll of enchant weapon
 h - a scroll of identify
 i - a scroll of teleportation
Comestibles
 d - 2 rations


   Skills:
 + Level 2.7 Fighting
 + Level 3.1 Dodging
 + Level 0.5 Stealth
 + Level 2.9 Shields
 + Level 3.0 Unarmed Combat


You had 3 spell levels left.
You didn't know any spells.
Your spell library was empty.

Dungeon Overview and Level Annotations

Branches:
Dungeon (3/15)

Altars:
Ashenzari


Innate Abilities, Weirdness & Mutations

You are too large for most types of armour.
You have claws for hands.
Your metabolism is lightning-fast.
You like to eat raw meat.
Your natural rate of healing is unusually fast.
You are covered in fur. (AC +1)
You have very tough skin. (AC +2)


Message History

Beogh smites you!
* * * LOW HITPOINT WARNING * * *
You claw the orc!
You kill the orc!
You block the adder's attack.
You claw the adder!
The adder is severely wounded.
The orc priest hits you from afar with a trident.
* * * LOW HITPOINT WARNING * * *
The adder bites you but does no damage. The adder bites you but does no damage.
You closely miss the adder.
The adder is severely wounded.
The adder completely misses you.
The orc priest hits you from afar with a trident!
* * * LOW HITPOINT WARNING * * *
You block the adder's attack.
The orc priest calls down the wrath of Beogh upon you.
Pain shoots through your body!
You die...

.... ...# ##
...### .##+##.
....# ....... ...#
.......#####..#
.......#...#..#
..._..)'.)†#..####
.......#).)o..@..#
.......####.S###.#
....... #....# #.#
..#+##. #...## #.#
# .# #...# #.# .
...### #.# #.
#..## #.### .. #..
#...# #. .. ###.#


You could see an orc priest and an adder.

Vanquished Creatures
  An orc wizard (D:3)
  2 adders (D:3)
  2 oozes
  A dart slug (D:2)
  A leopard gecko (D:1)
  5 orcs (D:3)
  A giant cockroach (D:2)
  5 hobgoblins
  6 jackals
  2 frilled lizards (D:2)
  3 goblins
  6 kobolds
  4 rats
39 creatures vanquished.

Notes
Turn   | Place    | Note
-------+----------+-------------------------------------------
     0 | D:1      | mikohab the Troll Fighter began the quest for the Orb.
     0 | D:1      | Reached XP level 1. HP: 22/22 MP: 0/0
   113 | D:1      | Reached XP level 2. HP: 29/29 MP: 1/1
   202 | D:1      | You fall through a shaft!
   561 | D:2      | Reached XP level 3. HP: 36/36 MP: 2/2
  1078 | D:3      | Found a shattered altar of Ashenzari.
  1085 | D:3      | Reached XP level 4. HP: 33/44 MP: 3/3
  1105 | D:3      | HP: 2/44 [orc priest/trident (9)]
  1106 | D:3      | Killed from afar by an orc priest

Skill      XL: |  1  2  3  4 |
---------------+-------------+-----
Dodging        | 3 |  3.1
Unarmed Combat | 3 |  3.0
Fighting       | |  2.7
Stealth        | |  0.5
Shields        | |  2.9

Action                   |  1- 3 |  4- 6 || total
-------------------------+-------+-------++-------
Melee: Unarmed           |   104 |    11 ||   115
  Use: Scroll            |     6 |       ||     6
       Potion            |     3 |     1 ||     4
 Stab: Sleeping          |     2 |       ||     2
  Eat: Ration            |     2 |       ||     2
Armor: Robe              |    27 |     4 ||    31
Dodge: Dodged            |    16 |     5 ||    21
Block: Shield            |    52 |    15 ||    67
